AoeStats
← CYE RUD3 BO1

Arabia

508743184Analyzed
1v1 RM · 7d ago on Sep 23, 2026· 41m 58s· 2 players
Game mode
Random Map
Map size
Tiny (2 player)
Population
200
Speed
Normal
Resources
Standard
Victory
Conquest
Starting age
Dark Age
Ending age
Imperial Age
RankedLock teamsTeams togetherTeam positionsShared explorationLock speedFull tech treeHidden civsTurbo modeCheats
Victory
Defeat
🇦🇷 Vietnamese · Argentina
928
+16
🇬🇧 Magyars · United Kingdom
926
-16
CYE RUD3 BO1
9:56 Feudal Age
11:21 Loom
20:06 Castle Age
18:23 Horse Collar
19:46 Fletching
20:09 Scale Barding Armor
21:14 Padded Archer Armor
21:11 Bodkin Arrow
22:39 Double-Bit Axe
24:18 Wheelbarrow
25:05 Bow Saw
27:06 Hand Cart
27:05 Heavy Plow
27:23 Gold Mining
27:16 Elite Skirmisher
29:00 Hand Cart
32:21 Leather Archer Armor
32:31 Husbandry
35:02 Stone Mining
37:22 Ballistics
40:28 Imperial Age
38:59 Masonry
Don Ramon
8:02 Loom
10:34 Feudal Age
17:43 Fletching
20:42 Padded Archer Armor
21:21 Scale Mail Armor
22:46 Double-Bit Axe
22:43 Horse Collar
26:50 Castle Age
25:48 Gold Mining
27:04 Wheelbarrow
27:41 Bodkin Arrow
27:58 Forging
27:31 Pikeman
30:08 Squires
30:20 Stone Mining
31:00 Bow Saw
30:16 Crossbowman
31:12 Thumb Ring
34:00 Leather Archer Armor
34:21 Iron Casting
38:26 Hand Cart
Connection lost

Rejoining the realm…

Still unreachable

The connection could not be restored.

Session expired

The server has moved on; the page needs a fresh start.